 Dungeon Crawl Stone Soup version 0.29.0-5-ge4962eb29e (webtiles) character file.

Game seed: 5884930029671700371

90 Sabo the Ducker (level 4, -1/49 HPs)
             Began as a Djinni Gladiator on Aug 28, 2022.
             Was a Believer of Elyvilon.
             Slain by a wraith (6 damage)
             ... in an ossuary.
             The game lasted 00:09:39 (2333 turns).

Sabo the Ducker (Djinni Gladiator)                  Turns: 2333, Time: 00:09:40

Health: -1/49      AC: 22    Str: 15    XL:     4   Next: 85%
Gold:   84         EV:  2    Int:  9    God:    Elyvilon [**....] SH:  5 Dex: 15

rFire   . . .      SeeInvis .   a - +0 long sword
rCold   . . .      Faith    .   (no shield)
rNeg    . . .      Spirit   .   (body armour currently unavailable)
rPois   ∞          Reflect  +   (helmet currently unavailable)
rElec   .          Harm     .   (cloak currently unavailable)
rCorr   .          Rampage  .   (gloves currently unavailable)
Will    .....      NoTele   +   (boots unavailable)
Stlth   +.........              g - amulet of reflection
HPRegen 0.16/turn               (no ring)
MPRegen 0.00/turn               (no ring)

@: tree-form (expiring), slowed, very slow
A: stationary, stasis, torment immunity, boosted hp, sickness immunity, (fire
resistance 2), (cold vulnerability 1), float, innate caster, HP casting, extra
vitality 1
a: Renounce Religion, Purification, Heal Other


You were in an ossuary.
You worshipped Elyvilon.
Elyvilon was pleased with you.
You were a tree.
You visited 1 branch of the dungeon, and saw 3 of its levels.
You also visited: Ossuary.

You collected 84 gold pieces.

Inventory:

Hand Weapons
 a - a +0 long sword (weapon)
 h - a +0 dagger of venom
Missiles
 d - 3 throwing nets (quivered)
 e - a javelin
Armour
 c - a +0 helmet (melded)
 i - a +2 pair of gloves of infusion (melded)
 k - a +0 ring mail (melded)
Jewellery
 g - an amulet of reflection (around neck)
Scrolls
 b - a scroll of brand weapon
 j - 2 scrolls of magic mapping {unknown}
 m - 2 scrolls of immolation {unknown}
 n - a scroll of torment {unknown}
 o - a scroll of butterflies {unknown}
 p - 2 scrolls of identify
 r - a scroll of silence {unknown}
 s - a scroll of blinking {unknown}
 t - a scroll of teleportation {unknown}
 v - a scroll of summoning {unknown}
 w - a scroll of vulnerability {unknown}
 x - a scroll of noise {unknown}
Potions
 f - a potion of invisibility {unknown}
 l - a potion of lignification
 q - 2 potions of heal wounds {unknown}
 u - a potion of magic {unknown}


   Skills:
 + Level 2.2 Fighting
 + Level 3.8 Long Blades
 + Level 1.7 Throwing
 + Level 0.9 Armour
 + Level 4.0 Dodging
 + Level 0.6 Shields


You had 2 spell levels left.
You knew the following spells:

 Your Spells              Type           Power      Damage    Failure   Level
a - Foxfire               Conj/Fire      0%         2x1d4     38%         1
Your spell library was empty.

Dungeon Overview and Level Annotations

Branches:
Dungeon (4/15)            Ossuary (1/1)
 Temple: D:4-7

Altars:
Elyvilon


Innate Abilities, Weirdness & Mutations

You are a tree.
Your roots penetrate the ground, keeping you stationary.
You cannot be teleported.
You are immune to unholy pain and torment.
Your maximum health is greatly increased.
Your equipment is partially melded.
You are immune to sickness and miasma.
You are immune to poison.
((Your flesh is very heat resistant. (rF++)))
((You are vulnerable to cold. (rC-)))
You float through the air rather than walking.
You learn spells naturally, not from books.
Your magical power is your life essence.
You have superior vitality. (+4 MHP)


Message History

Your +0 helmet melds into your body.
Your +2 pair of gloves of infusion melds into your body.
Your +0 ring mail melds into your body.
You feel magic leave your hands.
Your roots penetrate the ground.
You block the wraith's attack.
You closely miss the wraith.
The wraith is heavily damaged.
You block the wraith's attack. x2
You hit the wraith.
The wraith is severely damaged.
The wraith hits you but does no damage. x2
You closely miss the wraith.
The wraith is severely damaged.
The wraith hits you but does no damage.
You barely miss the wraith.
The wraith is severely damaged.
You feel yourself speed up.
The wraith hits you but does no damage. x2
You hit the wraith but do no damage.
The wraith is heavily damaged.
You block the wraith's attack. The wraith hits you but does no damage.
You hit the wraith but do no damage.
The wraith is heavily damaged.
Your transformation is almost over.
The wraith hits you.
* * * LOW HITPOINT WARNING * * *
The wraith drains your vigour!
You feel yourself slow down.
You closely miss the wraith.
The wraith is heavily damaged.
The wraith hits you but does no damage. x2
You barely miss the wraith.
The wraith is heavily damaged.
The wraith hits you but does no damage. The wraith hits you.
* * * LOW HITPOINT WARNING * * *
You barely miss the wraith.
The wraith is heavily damaged.
The wraith hits you but does no damage.
You barely miss the wraith.
The wraith is heavily damaged.
You block the wraith's attack. The wraith hits you.
You die...

#...............# #z# #.....#
###.......###.###▓#####.8.8.#
#.......#z#.'.....'.......'
#.###.......###.###▓#####.8.8.#
#...............# #W# #.....#
#.###..###..###.# ### #######
#..#z#..#.#.# #.+##..###..##W.#
#.............♣.#
#################


You could see a wraith.

Vanquished Creatures
  A mummy (D:4)
  An adder (D:2)
  2 adder zombies (Ossuary)
  2 worms (D:2)
  A dart slug (D:1)
  3 endoplasms
  4 giant cockroaches
  A goblin (D:2)
  2 hobgoblins (D:1)
  10 jackals (D:1)
  3 kobolds
  3 quokkas
  A ball python (D:1)
  2 ball python skeletons (Ossuary)
  4 bats
  5 frilled lizards
  2 kobold zombies (Ossuary)
  An orc skeleton (Ossuary)
  2 orc zombies (Ossuary)
  2 rats
52 creatures vanquished.

Notes
Turn   | Place    | Note
-------+----------+-------------------------------------------
     0 | D:1      | Sabo the Djinni Gladiator began the quest for the Orb.
     0 | D:1      | Reached XP level 1. HP: 18/18 MP: 0/0
   121 | D:1      | Reached XP level 2. HP: 21/23 MP: 0/0
   550 | D:1      | Reached XP level 3. HP: 28/28 MP: 0/0
   550 | D:1      | Learned a level 1 spell: Foxfire
   864 | D:1      | Found a faded altar of an unknown god.
   875 | D:1      | Prayed at the altar of an unknown god.
   875 | D:1      | Became a worshipper of Elyvilon the Healer
   875 | D:1      | Reached * piety under Elyvilon
  1315 | D:1      | Identified a scroll of acquirement
  1385 | D:2      | Reached XP level 4. HP: 27/33 MP: 0/0
  1619 | D:2      | Reached skill level 4 in Dodging
  1862 | D:2      | You are sucked into a shaft and drop 2 floors!
  1863 | D:4      | Acquired a +2 pair of gloves of infusion
  1912 | D:4      | Reached ** piety under Elyvilon
  1955 | D:4      | Found a sand-covered staircase.
  2004 | Ossuary  | Entered an ossuary
  2265 | Ossuary  | Noticed a flying skull
  2265 | Ossuary  | Noticed a wraith
  2272 | Ossuary  | Noticed a flying skull
  2278 | Ossuary  | Noticed a flying skull
  2300 | Ossuary  | Noticed a flying skull
  2312 | Ossuary  | Noticed a wraith
  2333 | Ossuary  | Slain by a wraith

Illustrated notes

Levels and vault maps discovered:
D:1:      dpeg_arrival_concentric_ovals, layout_basic,
          ebering_ecumenical_altar_box
D:2:      layout_basic
D:4:      layout_loops_cross, jmf_multi_god_temple, gup_ossuary_entry_pyramid,
          chequers_big_river
Ossuary:  ossuary_due_cavern

Skill      XL: |  1  2  3  4 |
---------------+-------------+-----
Long Blades    | 3 |  3.8
Dodging        | 4 |  4.0
Fighting       | |  2.2
Throwing       | |  1.7
Armour         | |  0.9
Shields        | |  0.6

Action                   |  1- 3 |  4- 6 || total
-------------------------+-------+-------++-------
Melee: Long sword        |   100 |    85 ||   185
       Punch             |       |     2 ||     2
  Use: Scroll            |     2 |     1 ||     3
       Potion            |       |     1 ||     1
Armor: Leather armour    |    25 |       ||    25
       Ring mail         |    30 |    18 ||    48
       Skin              |       |    10 ||    10
Dodge: Dodged            |    87 |    44 ||   131
Block: Other             |    27 |    25 ||    52
